AoeStats
← Timur

Fortress

509503267Analyzed
2v2 RM · 4d ago on Sep 27, 2026· 53m 58s· 4 players
Game mode
Random Map
Map size
Normal (6 player)
Population
200
Speed
Normal
Resources
Standard
Victory
Conquest
Starting age
Dark Age
Ending age
Imperial Age
RankedLock teamsTeams togetherTeam positionsShared explorationLock speedFull tech treeHidden civsTurbo modeCheats
Victory
Defeat
🇵🇹 Wei · Portugal
853
+14
🇵🇹 Persians · Portugal
797
+16
🇲🇽 Khmer · Mexico
857
-17
🇹🇷 Persians · Türkiye
755
-13
BlueDragon_Tuga
3:07 Loom
7:41 Feudal Age
8:17 Horse Collar
8:23 Double-Bit Axe
9:34 Gold Mining
9:57 Stone Mining
14:19 Castle Age
13:52 Town Watch
14:42 Wheelbarrow
15:01 Heavy Plow
15:13 Bow Saw
17:24 Gold Shaft Mining
17:28 Stone Shaft Mining
17:45 Fletching
18:02 Loom
20:42 Tuntian
21:25 Scale Barding Armor
22:18 Hand Cart
23:11 Chain Barding Armor
23:02 Forging
24:14 Padded Archer Armor
24:10 Bodkin Arrow
27:21 Imperial Age
27:49 Iron Casting
27:51 Bloodlines
27:41 Husbandry
29:02 Conscription
30:31 Leather Archer Armor
30:16 Bracer
31:30 Town Patrol
32:02 Ring Archer Armor
31:33 Scale Mail Armor
32:50 Chemistry
33:14 Ballistics
33:13 Light Cavalry
33:45 Heavy Scorpion
35:26 Parthian Tactics
35:08 Thumb Ring
36:40 Crop Rotation
37:42 Hussar
38:00 Pikeman
38:40 Squires
39:46 Elite Skirmisher
42:13 Blast Furnace
41:29 Chain Mail Armor
41:43 Heavy Hei Guang Cavalry
43:30 Onager
Sir KuBo PC
0:49 Loom
8:15 Feudal Age
10:09 Wheelbarrow
9:21 Double-Bit Axe
9:20 Horse Collar
9:28 Arson
13:59 Gold Mining
14:00 Stone Mining
14:46 Bloodlines
19:35 Castle Age
17:57 Man-at-Arms
18:46 Fletching
19:07 Forging
18:58 Padded Archer Armor
20:55 Bow Saw
21:27 Heavy Plow
21:09 Pikeman
22:13 Squires
23:07 Bodkin Arrow
24:15 Stone Shaft Mining
24:08 Masonry
24:00 Gambesons
26:58 Gold Shaft Mining
26:45 Hand Cart
28:04 Fervor
30:53 Imperial Age
31:48 Architecture
32:19 Chemistry
31:11 Heated Shot
31:58 Crop Rotation
32:32 Two-Man Saw
32:12 Husbandry
32:58 Conscription
32:55 Thumb Ring
32:53 Capped Ram
34:04 Town Watch
35:09 Crossbowman
35:10 Elite Skirmisher
35:27 Sappers
38:31 Iron Casting
38:12 Leather Archer Armor
37:57 Scale Mail Armor
38:26 Kamandaran
38:38 Citadels
39:06 Halberdier
40:25 Murder Holes
41:30 Hoardings
43:03 Parthian Tactics
42:04 Elite War Elephant
43:05 Siege Ram
45:01 Blast Furnace
47:21 Light Cavalry
51:35 Guilds
51:26 Caravan
KAIBIL BALAM436
0:36 Loom
8:08 Feudal Age
8:45 Double-Bit Axe
8:42 Horse Collar
10:10 Gold Mining
11:30 Stone Mining
15:06 Castle Age
18:48 Bow Saw
18:41 Heavy Plow
19:21 Gold Shaft Mining
25:22 Stone Shaft Mining
25:56 Pikeman
29:58 Imperial Age
31:37 Crop Rotation
31:44 Arson
32:59 Wheelbarrow
32:11 Town Watch
33:36 Scale Barding Armor
33:42 Forging
33:32 Scale Mail Armor
35:34 Chain Barding Armor
35:49 Iron Casting
35:05 Elite Battle Elephant
36:30 Chain Mail Armor
36:52 Plate Barding Armor
37:23 Town Patrol
39:40 Blast Furnace
38:32 Fletching
38:42 Padded Archer Armor
41:53 Ballistics
41:24 Heated Shot
42:36 Chemistry
42:19 Man-at-Arms
43:27 Tusk Swords
45:08 Heavy Scorpion
46:31 Husbandry
46:03 Capped Ram
Timur
7:44 Feudal Age
8:10 Horse Collar
8:19 Double-Bit Axe
14:11 Wheelbarrow
16:55 Castle Age
18:47 Caravan
19:18 Coinage
20:59 Heavy Plow
20:53 Gold Mining
21:17 Bow Saw
25:37 Imperial Age
26:06 Hand Cart
27:40 Crop Rotation
31:38 Chemistry
31:09 Ballistics
32:05 Two-Man Saw
32:42 Heavy Scorpion
35:04 Elite War Elephant
37:31 Masonry
37:18 Murder Holes
39:13 Gold Shaft Mining
Connection lost

Rejoining the realm…

Still unreachable

The connection could not be restored.

Session expired

The server has moved on; the page needs a fresh start.